 Dungeon Crawl Stone Soup version 0.21.1-77-g46dbe93 (webtiles) character file.

3950 mopl the Summoner (level 10, -2/63 HPs)
             Began as a Mummy Summoner on Sept 4, 2018.
             Was an Initiate of Sif Muna.
             Killed from afar by an orc wizard (9 damage)
             ... with a magic dart
             ... on level 9 of the Dungeon.
             The game lasted 00:25:23 (13288 turns).

mopl the Summoner (Mummy Summoner)                 Turns: 13288, Time: 00:25:24

Health: -2/63      AC:  6    Str: 13    XL:     10   Next: 2%
Magic:  4/22       EV: 11    Int: 21    God:    Sif Muna [......]
Gold:   385        SH:  0    Dex: 12    Spells: 8/25 levels left

rFire    x . .     SeeInvis .   b - +0 dagger (venom)
rCold    + . .     Gourm    .   (no shield)
rNeg     + + +     Faith    .   p - +0 troll leather armour {Purgy}
rPois    ∞         Spirit   .   (no helmet)
rElec    .         Reflect  .   (no cloak)
rCorr    .         Harm     .   (no gloves)
MR       +....                  l - +1 pair of boots
Stlth    +.........             (no amulet)
HPRegen  0.60/turn              t - +4 ring of intelligence
MPRegen  0.18/turn              (no ring)

@: very slightly contaminated
A: no food or potions, fire vulnerability, cold resistance 1, negative energy
resistance 3, torment resistance, unbreathing
a: Renounce Religion


You were on level 9 of the Dungeon.
You worshipped Sif Muna.
Sif Muna was noncommittal.
You were not hungry.

You visited 2 branches of the dungeon, and saw 10 of its levels.
You also visited: Sewer and Ossuary.

You collected 465 gold pieces.
You spent 80 gold pieces at shops.

Inventory:

Hand Weapons
 a - a +0 spear
 b - a +0 dagger of venom (weapon)
 v - a +2 dagger of draining
Missiles
 w - 2 tomahawks (quivered)
Armour
 c - a +0 robe
 h - a +0 cloak
 l - a +1 pair of boots (worn)
 p - a +0 troll leather armour (worn) {Purgy}
 s - a +3 leather armour of cold resistance
 u - a scarf of spirit shield
Jewellery
 t - a +4 ring of intelligence (left hand)
Wands
 n - a wand of clouds (6)
 q - a wand of disintegration (18)
 x - a wand of flame (41)
Scrolls
 d - 6 scrolls of remove curse
 e - 2 scrolls of immolation
 f - 3 scrolls of teleportation
 g - 2 scrolls of amnesia {unknown}
 i - 2 scrolls of fear
 j - a scroll of blinking
 m - 2 scrolls of fog
 o - 2 scrolls of enchant weapon
 r - 3 scrolls of magic mapping {unknown}
Books
 k - a book of Callings

   Spells                             Type                      Level
   a - Summon Small Mammal            Summoning                    1
   b - Call Imp                       Summoning                    2
   c - Call Canine Familiar           Summoning                    3
   d - Summon Guardian Golem          Hexes/Summoning              3
   e - Summon Lightning Spire         Summoning/Air                4
   f - Summon Ice Beast               Ice/Summoning                4


   Skills:
 - Level 1.5 Dodging
 - Level 1.5 Stealth
 + Level 8.4 Spellcasting
 * Level 8.7 Summonings
 - Level 5.0 Ice Magic
 + Level 4.6 Air Magic
 + Level 0.7 Invocations


You had 8 spell levels left.
You knew the following spells:

 Your Spells              Type           Power        Failure   Level  Hunger
a - Summon Small Mammal   Summ           ####         1%          1    N/A
b - Call Imp              Summ           #####...     1%          2    N/A
c - Call Canine Familiar  Summ           #####...     1%          3    N/A
d - Summon Ice Beast      Ice/Summ       #####...     5%          4    N/A
f - Summon Lightning Spi  Summ/Air       #####...     6%          4    N/A
g - Summon Guardian Gole  Hex/Summ       ####....     4%          3    N/A

Dungeon Overview and Level Annotations

Branches:
Dungeon (9/15)             Temple (1/1) D:4
   Lair: D:8-11         Orc: D:9-12

Altars:
Ashenzari
Cheibriados
Dithmenos
Elyvilon
Fedhas
Gozag
Hepliaklqana
Kikubaaqudgha
Makhleb
Nemelex Xobeh
Okawaru
Qazlal
Ru
Sif Muna
Trog
Uskayaw
Vehumet
Wu Jian
Xom
Yredelemnul
Zin
The Shining One

Shops:
D:5 *

Annotations:
D:8 1 runed doorfly


Innate Abilities, Weirdness & Mutations

You do not eat or drink.
Your flesh is vulnerable to fire.
You are immune to poison.
Your flesh is cold resistant. (rC+)
You are immune to negative energy. (rN+++)
You are immune to unholy pain and torment.
You can survive without breathing.


Message History

Press: ? - help, Dir - move target cursor
As you read the scroll of blinking, it crumbles to dust.
Your ice beast hits the ice beast but does no damage.
The orc wizard mumbles some strange words.
The orc wizard blinks!
The sky beast flickers out of sight!
Deactivating autopickup; reactivate with Ctrl-A.
As you read the scroll of teleportation, it crumbles to dust.
You feel strangely unstable.
Your ice beast hits the ice beast.
Your ice beast freezes the ice beast.
The ice beast completely resists.
Your surroundings suddenly seem different.
An orc wizard comes into view. It is wielding a dagger.
The orc wizard shouts!
Found 11 gold pieces and a robe.
Found a blossoming altar of Fedhas.
Found a stone staircase leading down.
A centaur zombie comes into view.
The orc wizard mumbles some strange words.
The orc wizard blinks!
The orc wizard points at you and mumbles some strange words.
The magic dart hits you!
You die...

.##############
.o............
.$.........#
........@..#
..§........#
...........+
...........#
.♣......Z......
[..♣...........
P....♣..........
._P.............
P....♣..........


You could see an orc wizard and a centaur zombie.

Vanquished Creatures
  A hornet (D:7)
  A hippogriff (D:8)
  Edmund (D:6)
  An ice beast (D:8)
  2 orc warriors (D:8)
  A sky beast (D:8)
  2 slaves (D:4)
  An ogre (D:8)
  2 bullfrogs
  A water moccasin zombie (Ossuary)
  2 scorpions
  A howler monkey (D:4)
  2 crimson imps (D:5)
  A bullfrog skeleton (D:6)
  4 hounds
  An orc priest (D:2)
  3 iguanas
  3 worker ants
  A big kobold zombie (Ossuary)
  A mummy (Ossuary)
  A worker ant zombie (D:8)
  13 adders
  3 gnolls (D:6)
  2 shadow imps (D:5)
  2 worms
  An adder skeleton (D:5)
  6 adder zombies (Ossuary)
  A dart slug (D:2)
  2 leopard geckos
  8 orcs
  2 bats
  4 giant cockroaches
  4 goblins
  4 hobgoblins
  6 jackals
  4 kobolds
  5 quokkas
  7 frilled lizards
  A goblin zombie (D:4)
  2 hobgoblin zombies (Ossuary)
  4 kobold zombies (Ossuary)
  A leopard gecko skeleton (D:6)
  6 orc zombies (Ossuary)
  A quokka skeleton (D:4)
  5 rats
127 creatures vanquished.

Vanquished Creatures (collateral kills)
  A centaur warrior (D:9)
  2 two-headed ogres (D:8)
  Pikel (D:4)
  A hippogriff (D:8)
  Sigmund (D:6)
  Eustachio (D:6)
  Menkaure (D:6)
  A black bear (D:7)
  2 slaves (D:4)
  Purgy (Sewer)
  The ghost of Kay the Skirmisher, an amateur MiMo of Okawaru (D:3)
  A sky beast (D:8)
  2 centaurs
  An ogre (D:8)
  Blork the orc (D:8)
  2 bullfrogs (D:6)
  A wyvern zombie (D:6)
  A water moccasin zombie (Ossuary)
  A bullfrog zombie (D:4)
  2 hounds (D:4)
  2 jellies
  An orc priest (D:3)
  A bullfrog skeleton (D:5)
  An iguana (D:6)
  2 orc wizards
  A worker ant (D:4)
  2 mummies
  5 adders
  A dart slug (D:2)
  2 leopard geckos
  12 orcs
  A giant cockroach (D:4)
  4 goblins
  2 hobgoblins (D:1)
  6 jackals
  A ball python (D:1)
  2 frilled lizards
  3 hobgoblin zombies
  4 kobolds (D:1)
78 creatures vanquished.

Grand Total: 205 creatures vanquished

Notes
Turn   | Place    | Note
-------+----------+-------------------------------------------
     0 | D:1      | mopl the Mummy Summoner began the quest for the Orb.
     0 | D:1      | Reached XP level 1. HP: 13/13 MP: 4/4
   571 | D:1      | Reached skill level 3 in Spellcasting
   725 | D:1      | Reached XP level 2. HP: 19/19 MP: 6/6
   736 | D:1      | Learned a level 2 spell: Call Imp
  1243 | D:2      | Reached XP level 3. HP: 22/24 MP: 5/7
  1252 | D:2      | Learned a level 3 spell: Call Canine Familiar
  1305 | D:2      | Reached skill level 4 in Summonings
  1370 | D:2      | Found a snail-covered altar of Cheibriados.
  1632 | D:2      | Found a faded altar of an unknown god.
  2135 | D:3      | Reached XP level 4. HP: 25/30 MP: 1/9
  2220 | D:3      | Learned a level 4 spell: Summon Ice Beast
  2592 | D:3      | Noticed Kay's ghost (amateur MiMo)
  2762 | D:3      | Reached skill level 4 in Spellcasting
  3597 | D:2      | Reached XP level 5. HP: 35/35 MP: 7/11
  4097 | D:4      | Noticed Pikel
  4100 | D:4      | Noticed a slave
  4103 | D:4      | Reached skill level 1 in Ice Magic
  4105 | D:4      | Noticed a slave
  4106 | D:4      | Noticed a slave
  4110 | D:4      | Noticed a slave
  4287 | D:4      | Reached skill level 5 in Summonings
  4335 | D:4      | Found a sand-covered staircase.
  4371 | Ossuary  | Entered an ossuary
  4668 | Ossuary  | Reached XP level 6. HP: 19/41 MP: 3/12
  4839 | Ossuary  | Learned a level 4 spell: Summon Lightning Spire
  5672 | D:4      | Found a basalt altar of Yredelemnul.
  5680 | D:4      | Found a staircase to the Ecumenical Temple.
  5724 | Temple   | Entered the Ecumenical Temple
  5861 | D:4      | Reached skill level 5 in Spellcasting
  6018 | D:4      | Reached skill level 2 in Ice Magic
  6234 | D:4      | Killed a slave
  6239 | D:4      | Killed a slave
  6341 | D:4      | Killed a slave
  6343 | D:4      | Killed Pikel
  6343 | D:4      | Reached skill level 1 in Air Magic
  6343 | D:4      | Reached XP level 7. HP: 36/46 MP: 3/15
  6745 | D:5      | Entered Level 5 of the Dungeon
  6916 | D:5      | Found a shattered altar of Ashenzari.
  7119 | D:5      | Reached skill level 6 in Summonings
  7179 | D:5      | Learned a level 3 spell: Summon Guardian Golem
  7615 | D:5      | Reached skill level 2 in Air Magic
  7667 | D:5      | Found Jonyw's Assorted Antiques.
  7674 | D:5      | Bought a forked wooden wand for 80 gold pieces
  8144 | D:6      | Noticed Sigmund
  8200 | D:6      | Found a glowing drain.
  8210 | Sewer    | Entered a sewer
  8292 | Sewer    | Noticed Purgy
  8308 | Sewer    | Killed Purgy
  8467 | D:6      | Reached XP level 8. HP: 26/52 MP: 9/16
  8627 | D:6      | Noticed Edmund
  8661 | D:6      | Killed Edmund
  8661 | D:6      | Reached skill level 6 in Spellcasting
  8661 | D:6      | Reached skill level 3 in Ice Magic
  9033 | D:6      | Killed Sigmund
  9555 | D:6      | Noticed Eustachio
  9592 | D:6      | Killed Eustachio
  9592 | D:6      | Reached skill level 7 in Summonings
  9592 | D:6      | Reached skill level 3 in Air Magic
  9858 | D:6      | Noticed Menkaure
  9870 | D:6      | Killed Menkaure
 10814 | D:3      | Killed Kay's ghost
 11232 | D:7      | Reached skill level 7 in Spellcasting
 11580 | D:7      | Noticed a hornet
 11589 | D:7      | Killed a hornet
 11589 | D:7      | Reached XP level 9. HP: 32/57 MP: 19/19
 11773 | D:7      | Reached skill level 4 in Ice Magic
 12368 | D:8      | Found a glowing silver altar of Zin.
 12574 | D:8      | Noticed a two-headed ogre
 12587 | D:8      | Killed a two-headed ogre
 12587 | D:8      | Reached skill level 8 in Summonings
 12587 | D:8      | Reached skill level 4 in Air Magic
 12734 | D:8      | Found a bloodstained altar of Trog.
 12736 | D:8      | Found a white marble altar of Elyvilon.
 12736 | D:8      | Found a hazy altar of Hepliaklqana.
 12737 | D:8      | Found a blossoming altar of Fedhas.
 12739 | D:8      | Found a hide-covered altar of Uskayaw.
 12741 | D:8      | Found a burning altar of Makhleb.
 12796 | D:8      | Reached skill level 8 in Spellcasting
 12888 | D:8      | Noticed a two-headed ogre
 12897 | D:8      | Killed a two-headed ogre
 12950 | D:8      | Noticed Blork the orc
 12961 | D:8      | Killed Blork the orc
 12970 | D:8      | Found a deep blue altar of Sif Muna.
 12978 | D:8      | Became a worshipper of Sif Muna the Loreminder
 13063 | D:8      | Noticed a sixfirhy
 13065 | D:8      | Found a runed door.
 13260 | D:9      | Noticed a centaur warrior
 13267 | D:9      | HP: 2/57 [centaur warrior/arrow (28)]
 13270 | D:9      | Killed a centaur warrior
 13270 | D:9      | Reached skill level 5 in Ice Magic
 13270 | D:9      | Reached XP level 10. HP: 4/63 MP: 1/22
 13281 | D:9      | HP: 3/63 [black bear (1)]
 13286 | D:9      | Found a blossoming altar of Fedhas.
 13288 | D:9      | Killed from afar by an orc wizard

Skill      XL: |  1  2  3  4  5  6  7  8  9 |
---------------+----------------------------+-----
Spellcasting   | 3 4 5 7 8 |  8.4
Summonings     | 4 5 6 7 8 |  8.7
Ice Magic      | 1 2 3 5 |  5.0
Air Magic      | 1 2 3 4 |  4.6
Dodging        | |  1.5
Stealth        | |  1.5
Invocations    | |  0.7

Action                   |  1- 3 |  4- 6 |  7- 9 | 10-12 || total
-------------------------+-------+-------+-------+-------++-------
Melee: Unarmed           |    50 |       |       |       ||    50
       Spear             |   100 |   251 |    95 |       ||   446
       Dagger            |       |    76 |   309 |       ||   385
 Cast: Summon Small Mamm |    11 |       |       |       ||    11
       Call Imp          |     9 |    32 |    20 |       ||    61
       Call Canine Famil |     4 |    20 |    23 |       ||    47
       Summon Lightning  |       |     1 |     5 |       ||     6
       Summon Ice Beast  |       |       |    23 |       ||    23
  Use: Scroll            |     1 |     5 |     2 |     2 ||    10
 Stab: Sleeping          |     6 |     4 |     6 |       ||    16
       Distracted        |       |     1 |     2 |       ||     3
Armor: Robe              |    17 |    81 |   121 |       ||   219
       Troll leather arm |       |       |    21 |     2 ||    23
Dodge: Dodged            |   102 |   173 |   266 |     4 ||   545
